 Dungeon Crawl Stone Soup version 0.30-a0-737-gf23d94013f (webtiles) character file.

Game seed: 3206512346523872696

7 arthad the Caller (level 1, 0/7 HPs)
             Began as a Felid Summoner on Feb 3, 2023.
             Shot with a sling bullet by a hobgoblin (7 damage)
             ... on level 1 of the Dungeon.
             The game lasted 00:01:07 (276 turns).

arthad the Caller (Felid Summoner)                   Turns: 276, Time: 00:01:08

Health: 0/7        AC:  1    Str:  4    XL:     1   Next: 91%
Magic:  0/4        EV: 17    Int: 16    God:
Gold:   38         SH:  0    Dex: 16    Spells: 3/4 levels left
                                        Lives:  0   Deaths: 0

rFire   . . .      SeeInvis +    (weapon unavailable)
rCold   . . .      Faith    .    (shield unavailable)
rNeg    . . .      Spirit   .    (body armour unavailable)
rPois   .          Reflect  .    (helmet unavailable)
rElec   .          Harm     .    (cloak unavailable)
rCorr   .          Rampage  .    (gloves unavailable)
Will    .....                    (boots unavailable)
Stlth   ++                       (no amulet)
HPRegen 0.21/turn                c - ring of wizardry
MPRegen 0.09/turn                (no ring)

@: quick
A: very small, claws 1, fangs 3, see invisible, speed 1, shaggy fur 1, stealthy
paws, no weapons or thrown items, no armour, multi-lived
a: no special abilities


You were on level 1 of the Dungeon.
You visited 1 branch of the dungeon, and saw 1 of its levels.

You collected 38 gold pieces.

Inventory:

Jewellery
 c - a ring of wizardry (left paw)
Scrolls
 b - a scroll of identify {unknown}
 d - a scroll of enchant weapon {unknown}
Potions
 a - a potion of magic


   Skills:
 - Level 2.6 Dodging
 - Level 2.6 Stealth
 - Level 2.0 Spellcasting
 + Level 4.4 Summonings


You had 3 spell levels left.
You knew the following spells:

 Your Spells              Type           Power      Damage    Failure   Level
a - Summon Small Mammal   Summ           60%        N/A       1%          1

Your spell library contained the following spells:

 Spells                   Type           Power      Damage    Failure   Level
 Call Imp                 Summ           15%        N/A       1%          2
 Call Canine Familiar     Summ           15%        N/A       4%          3
 Summon Guardian Golem    Hex/Summ       8%         N/A       11%         3
 Summon Lightning Spire   Summ/Air       8%         N/A       32%         4


Dungeon Overview and Level Annotations

Branches:
Dungeon (1/15)

Altars:


Innate Abilities, Weirdness & Mutations

You have sharp claws.
You have razor-sharp teeth.
You have supernaturally acute eyesight. (SInv)
You cover ground quickly. (Speed+)
You are covered in fur. (AC +1)
Your paws help you pounce on unaware monsters.
You are incapable of wielding weapons or throwing items.
You cannot wear armour.
You gain extra lives every three experience levels.


Message History

The endoplasm hits your rat but does no damage.
Your rat bites the endoplasm but does no damage.
The endoplasm misses your rat.
Your bat hits the endoplasm.
Your rat bites the endoplasm.
The endoplasm dies!
Your bat closely misses the kobold.
Your rat bites the kobold.
Your bat closely misses the kobold.
The kobold hits your rat with a +0 short sword.
Your rat closely misses the kobold.
Your bat hits the kobold but does no damage.
The kobold barely misses your bat.
Your rat closely misses the kobold.
Your bat closely misses the kobold.
The kobold hits your bat with a +0 short sword.
Your bat dies!
Your bat's corpse disappears in a puff of smoke!
Your rat closely misses the kobold.
The kobold shouts!
The kobold closely misses your rat.
Your rat barely misses the kobold.
The kobold hits your rat with a +0 short sword.
Your rat dies!
Your rat's corpse disappears in a puff of smoke!
Your rat closely misses the kobold.
Your rat barely misses the kobold.
You scratch the kobold.
You kill the kobold!
Things that are here:
a +0 short sword; a kobold corpse Your rat disappears in a puff of smoke!
A hobgoblin comes into view. It is wielding a +0 sling.
Your rat disappears in a puff of smoke!
The hobgoblin shoots a sling bullet.
The sling bullet hits your rat.
Your rat dies!
Your rat's corpse disappears in a puff of smoke!
The hobgoblin shoots a sling bullet.
The sling bullet hits your quokka.
Your quokka dies!
Your quokka's corpse disappears in a puff of smoke!
The hobgoblin shoots a sling bullet.
The sling bullet closely misses you.
The hobgoblin shoots a sling bullet.
The sling bullet hits you!
Ouch! That really hurt!
You die...

#.# .# #######.#
.#### #.......# ....
#.####### ..g# #.#
###§..# #.# .......#
###.#### #.#r§..+
...b...# #.#)...#
....##.#######.#@##.#
..§.##.§....##.#.#
....#######.##.#.#
....# #.##.#.# ....#
#.##'#'## ....#
#.......# ....#
#.......# ....#
#####†......# #####
#...........#


You could see a hobgoblin (ally target) and a friendly quokka (summoned).

Vanquished Creatures
  A kobold (D:1)
1 creature vanquished.

Vanquished Creatures (collateral kills)
  A ball python (D:1)
  An endoplasm (D:1)
  A hobgoblin (D:1)
  A kobold (D:1)
  A rat (D:1)
5 creatures vanquished.

Grand Total: 6 creatures vanquished

Notes
Turn   | Place    | Note
-------+----------+-------------------------------------------
     0 | D:1      | arthad the Felid Summoner began the quest for the Orb.
     0 | D:1      | Reached XP level 1. HP: 7/7 MP: 4/4
   276 | D:1      | Shot with a sling bullet by a hobgoblin

Illustrated notes

Levels and vault maps discovered:
D:1:      nicolae_arrival_memento_mori, layout_basic,
          hellmonk_ecumenical_altar_prayer_group

Action                     || total
---------------------------++-------
  Melee: Unarmed           ||     3
   Cast: Summon Small Mamm ||    16
  Dodge: Dodged            ||     3

Table legend: (Time is in decaauts)
 A = Elapsed time spent in this place.
 B = Non-inter-level travel time spent in this place.
 C = Inter-level travel time spent in this place.
 D = Time resting spent in this place.
 E = Time spent auto-exploring this place.
 F = Levels seen in this place.
 G = Mean time per level.
                   A        B        C        D        E       F      G
               +--------+--------+--------+--------+--------+-----+--------+
         Total |    249 |    249 |      0 |     18 |    165 |   1 |  249.0 |
       Dungeon |    249 |    249 |      0 |     18 |    165 |   1 |  249.0 |
               +--------+--------+--------+--------+--------+-----+--------+

Top non-repeatable levels by time:
     D:1: 249 daAuts
